 Dungeon Crawl Stone Soup version 0.27-a0-650-g8dd3ea4f36 (webtiles) character file.

Game seed: 6865402008324922927

4102 zzzxxxcccvvv the Grappler (level 10, -2/92 HPs)
             Began as a Troll Berserker on Mar 15, 2021.
             Was a Priest of Trog.
             Slain by an unseen horror (6 damage)
             ... on level 7 of the Dungeon.
             The game lasted 00:35:34 (5623 turns).

zzzxxxcccvvv the Grappler (Troll Berserker)         Turns: 5623, Time: 00:35:35

Health: -2/92      AC:  8    Str: 29    XL:     10   Next: 6%
Magic:  9/9        EV: 15    Int:  3    God:    Trog [***...]
Gold:   350        SH:  5    Dex: 10    Spells: 9/9 levels left

rFire    . . .     SeeInvis .     - Unarmed
rCold    . . .     Faith    .   (no shield)
rNeg     . . .     Spirit   .   q - +0 robe
rPois    .         Reflect  +   (helmet restricted)
rElec    .         Harm     .   (no cloak)
rCorr    .         Rampage  .   (gloves unavailable)
Will     .....                  (boots unavailable)
Stlth    +.........             e - amulet of reflection
HPRegen  1.25/turn              t - +4 ring of evasion
MPRegen  0.11/turn              u - +4 ring of protection

@: no status effects
A: large, unfitting armour, claws 3, regeneration 1, shaggy fur 1, tough skin 1
a: Renounce Religion, Berserk, Trog's Hand


You were on level 7 of the Dungeon.
You worshipped Trog.
Trog was most pleased with you.
You visited 1 branch of the dungeon, and saw 7 of its levels.

You collected 350 gold pieces.

Inventory:

Missiles
 l - 59 poisoned darts
 z - 3 boomerangs
Armour
 k - a +0 tower shield
 q - a +0 robe (worn)
Jewellery
 e - an amulet of reflection (around neck)
 t - a +4 ring of evasion (right claw)
 u - a +4 ring of protection (left claw)
 w - a ring of fire
 y - a +4 ring of evasion
Wands
 r - a wand of acid (7)
 x - a wand of paralysis (9)
 A - a wand of mindburst (10)
Scrolls
 b - 4 scrolls of teleportation {unknown}
 d - 6 scrolls of amnesia
 f - 2 scrolls of magic mapping {unknown}
 g - 2 scrolls of noise {unknown}
 h - a scroll of fog {unknown}
 i - 3 scrolls of enchant armour {unknown}
 m - 6 scrolls of identify
 p - a scroll of enchant weapon {unknown}
 s - a scroll of blinking {unknown}
 C - a scroll of summoning {unknown}
 E - a scroll of acquirement {unknown}
Potions
 a - 2 potions of flight {unknown}
 c - 2 potions of haste {unknown}
 j - 4 potions of might
 n - a potion of degeneration {unknown}
 o - a potion of heal wounds {unknown}
 v - a potion of berserk rage {unknown}
 B - 3 potions of curing {unknown}
Miscellaneous
 D - a box of beasts (inert)


   Skills:
 + Level 4.0 Fighting
 + Level 5.7 Dodging
 + Level 3.0 Shields
 + Level 12.0 Unarmed Combat


You had 9 spell levels left.
You didn't know any spells.
Your spell library was empty.

Dungeon Overview and Level Annotations

Branches:
Dungeon (7/15)             Temple (0/1) D:4

Altars:
Cheibriados
Dithmenos
Hepliaklqana
Nemelex Xobeh
Trog
Wu Jian
Yredelemnul
Zin


Innate Abilities, Weirdness & Mutations

You are too large for most types of armour.
You have claws for hands.
Your natural rate of healing is unusually fast.
You are covered in fur. (AC +1)
You have tough skin. (AC +1)


Message History

Trog accepts your kill. Something completely misses you.
Your Shields skill increases to level 3!
Your Unarmed Combat skill increases to level 12!
You have reached level 10!
Something hits your larval shockbat beast.
Something hits you!
* * * LOW HITPOINT WARNING * * *
Something hits you.
* * * LOW HITPOINT WARNING * * *
Something hits you!
* * * LOW HITPOINT WARNING * * *
Something hits your larval shockbat beast.
Something hits your larval shockbat beast but does no damage.
Something barely misses your larval shockbat beast.
Something hits your larval shockbat beast but does no damage. x2
Something hits your larval shockbat beast. x2
Something hits your larval shockbat beast but does no damage.
As you read the scroll labelled ANIZYX ZUBEKHLE, it crumbles to dust.
It is a scroll of amnesia.
You feel forgetful for a moment.
Something barely misses your larval shockbat beast.
Something hits your larval shockbat beast.
Something hits your larval shockbat beast but does no damage.
As you read the scroll labelled ZOXKEXEKIERA, it crumbles to dust.
It is a scroll of identify.
j - 4 potions of might Something barely misses your larval shockbat beast.
Something hits your larval shockbat beast!
Your larval shockbat beast dies!
Your larval shockbat beast's corpse disappears in a puff of smoke!
You closely miss something. Your claw misses something.
Something barely misses you. Something hits you!
* * * LOW HITPOINT WARNING * * *
Something hits you but does no damage.
You closely miss something. Something barely misses you.
You mangle something!! Something hits you!
* * * LOW HITPOINT WARNING * * *
Something hits you.
You die...

#.###o
#.....####.####.....#
#.#.##.#####.# #.# #..#.#..
#.#.##.......###.###.......
##.##.#######.##.##..#.#.#.
#.# .........##.##........
#.#########.##.##.########
##.#.....#.##.##.## ##.#
#.##...##.##.###.## ##.##
##.#...#@##...###.###.###
#.##.##.##...####.#.####
##)#)#.##.....# ##.## #.
#)#†#.##.....## #.# ##.
##(..##.##.##.# #.# #..
#...###.#.#.####.###..
##.##.###.###.##.##...
#.##.........##.##...
#############).######


There were no monsters in sight!

Vanquished Creatures
  An unseen horror (D:7)
  Pikel (D:4)
  2 cyclopes (D:7)
  A komodo dragon (D:7)
  Sigmund (D:6)
  A yak (D:7)
  The ghost of Snicker the Sneak, an amateur DsBr (D:3)
  2 ice beasts
  A black bear (D:7)
  2 orc warriors
  2 ogres
  A kobold brigand (D:7)
  5 bullfrogs
  2 howler monkeys
  A bullfrog zombie (D:6)
  2 centaur zombies
  4 hounds
  A jelly (D:5)
  2 orc priests (D:5)
  A bullfrog skeleton (D:5)
  An iguana (D:6)
  5 worker ants
  A hound skeleton (D:7)
  A worker ant zombie (D:2)
  15 adders
  A shadow imp (D:7)
  An ufetubus (D:7)
  2 oozes
  2 worms
  4 dart slugs
  3 leopard geckos
  11 orcs
  2 ball pythons
  6 bats
  4 giant cockroaches
  4 goblins
  7 hobgoblins
  3 jackals (D:2)
  12 kobolds
  3 quokkas
  2 frilled lizards (D:3)
  A quokka skeleton (D:7)
  7 rats
132 creatures vanquished.

Vanquished Creatures (collateral kills)
  An orc (D:7)
1 creature vanquished.

Grand Total: 133 creatures vanquished

Notes
Turn   | Place    | Note
-------+----------+-------------------------------------------
     0 | D:1      | zzzxxxcccvvv the Troll Berserker began the quest for the
                  | Orb.
     0 | D:1      | Reached XP level 1. HP: 22/22 MP: 0/0
   225 | D:1      | Reached XP level 2. HP: 29/29 MP: 1/1
   703 | D:2      | Reached XP level 3. HP: 36/36 MP: 2/2
   811 | D:2      | Reached ** piety under Trog
   825 | D:2      | Reached XP level 4. HP: 44/44 MP: 3/3
   839 | D:2      | Found a basalt altar of Yredelemnul.
   842 | D:2      | Found a hazy altar of Hepliaklqana.
   847 | D:2      | Found a snail-covered altar of Cheibriados.
   913 | D:2      | Reached skill level 4 in Unarmed Combat
   941 | D:2      | Found a sparkling altar of Nemelex Xobeh.
  1000 | D:2      | Found an ornate altar of the Wu Jian Council.
  1202 | D:2      | Found a bloodstained altar of Trog.
  1250 | D:2      | Found a glowing silver altar of Zin.
  1628 | D:3      | Reached XP level 5. HP: 46/50 MP: 4/4
  1848 | D:3      | Found a runed translucent door.
  1853 | D:3      | Noticed Snicker's ghost (amateur DsBr)
  1864 | D:3      | Reached skill level 1 in Shields
  1864 | D:3      | Reached skill level 5 in Unarmed Combat
  1886 | D:3      | Killed Snicker's ghost
  1887 | D:3      | Reached XP level 6. HP: 30/59 MP: 5/5
  2212 | D:4      | Reached skill level 6 in Unarmed Combat
  2483 | D:4      | Noticed Pikel
  2489 | D:4      | Killed Pikel
  2490 | D:4      | Reached skill level 7 in Unarmed Combat
  2490 | D:4      | Reached XP level 7. HP: 67/67 MP: 6/6
  2706 | D:4      | Found a staircase to the Ecumenical Temple.
  3182 | D:5      | Entered Level 5 of the Dungeon
  3236 | D:5      | Reached *** piety under Trog
  3241 | D:5      | Reached skill level 8 in Unarmed Combat
  3241 | D:5      | Reached XP level 8. HP: 39/75 MP: 7/7
  4205 | D:6      | Noticed Sigmund
  4212 | D:6      | Killed Sigmund
  4213 | D:6      | Reached skill level 9 in Unarmed Combat
  4308 | D:6      | Found a shadowy altar of Dithmenos.
  4635 | D:6      | Reached skill level 10 in Unarmed Combat
  4684 | D:6      | Identified the +4 ring mail of Foremihege {Dex+6}
  4994 | D:7      | Reached XP level 9. HP: 84/84 MP: 8/8
  5335 | D:7      | Reached skill level 5 in Dodging
  5478 | D:7      | Noticed a komodo dragon
  5478 | D:7      | Noticed a cyclops
  5484 | D:7      | Found a runed translucent door.
  5494 | D:7      | Killed a komodo dragon
  5495 | D:7      | Reached skill level 11 in Unarmed Combat
  5501 | D:7      | Killed a cyclops
  5507 | D:7      | Killed an unseen horror
  5582 | D:7      | Noticed a cyclops
  5582 | D:7      | Noticed a gargoyle
  5610 | D:7      | Killed a cyclops
  5611 | D:7      | Reached skill level 12 in Unarmed Combat
  5611 | D:7      | Reached XP level 10. HP: 24/92 MP: 9/9
  5622 | D:7      | HP: 2/92 [something (8)]
  5623 | D:7      | Slain by an unseen horror

Illustrated notes

Levels and vault maps discovered:
D:1:      denvon_arrival_planthouse, layout_basic
D:2:      layout_rooms, minmay_overflow_temple_star_quad, old_standard_altar,
          zin_treasury, lemuel_round_altar, bloody_trog
D:3:      kb_forest_paths, layout_rooms, ebering_ghost_sewer_d
D:4:      layout_loops_corners, minmay_temple_entry_grid, uniq_pikel
D:5:      layout_basic
D:6:      layout_loops_corners, nicolae_dithmenos_shadow_blocks, uniq_sigmund
D:7:      minmay_the_grid_triangle_9x9_rhombus_full
          [minmay_the_grid_triangle_9x9_negative_grid,
          minmay_the_grid_triangle_9x9_sprig,
          minmay_the_grid_triangle_9x9_pentomino_pain,
          minmay_the_grid_triangle_9x9_minimal,
          minmay_the_grid_triangle_9x9_warning,
          minmay_the_grid_triangle_9x9_subtriangle,
          minmay_the_grid_triangle_9x9_flanged_cone,
          minmay_the_grid_triangle_9x9_prize_top_heavy], layout_layer_cave,
          uniq_harold

Skill      XL: |  1  2  3  4  5  6  7  8  9 |
---------------+----------------------------+-----
Dodging        | 3 4 5 |  5.7
Unarmed Combat | 4 5 7 8 10 12 | 12.0
Shields        | 1 3 |  3.0
Fighting       | 3 4 |  4.0

Action                   |  1- 3 |  4- 6 |  7- 9 | 10-12 || total
-------------------------+-------+-------+-------+-------++-------
Melee: Unarmed           |    75 |   129 |   186 |     3 ||   393
       Punch             |       |     5 |    11 |       ||    16
Evoke: Box of beasts     |       |       |     1 |       ||     1
  Use: Scroll            |       |       |       |     2 ||     2
 Stab: Sleeping          |       |       |     1 |       ||     1
Armor: Animal skin       |    36 |    19 |       |       ||    55
       Robe              |       |       |    35 |     1 ||    36
Dodge: Dodged            |    46 |    53 |    97 |     2 ||   198
Block: Tower shield      |    27 |       |       |       ||    27
       Other             |       |       |    27 |       ||    27
       Reflection        |       |       |     1 |       ||     1

Table legend: (Time is in decaauts)
 A = Elapsed time spent in this place.
 B = Non-inter-level travel time spent in this place.
 C = Inter-level travel time spent in this place.
 D = Time resting spent in this place.
 E = Time spent auto-exploring this place.
 F = Levels seen in this place.
 G = Mean time per level.
                   A        B        C        D        E       F      G
               +--------+--------+--------+--------+--------+-----+--------+
         Total |   5590 |   5439 |    151 |    436 |   3509 |   7 |  798.6 |
       Dungeon |   5590 |   5439 |    151 |    436 |   3509 |   7 |  798.6 |
               +--------+--------+--------+--------+--------+-----+--------+

Top non-repeatable levels by time:
     D:4: 1027 daAuts
     D:6: 895 daAuts
     D:3: 861 daAuts
     D:5: 810 daAuts
     D:7: 701 daAuts
     D:1: 671 daAuts
     D:2: 623 daAuts
